 Dungeon Crawl Stone Soup version 0.29-a0-1030-gf5f8719cae (webtiles) character file.

Game seed: 18352059992045746775

47663 27heaven the Unseen (level 14, -9/101 HPs)
             Began as an Octopode Monk on Aug 14, 2022.
             Was the Champion of Ru.
             Mangled by a death yak (15 damage)
             ... while petrified by a catoblepas
             ... on level 5 of the Lair of Beasts.
             The game lasted 00:46:05 (18569 turns).

27heaven the Unseen (Octopode Monk)                Turns: 18569, Time: 00:46:11

Health: -9/101     AC: -2    Str: 18    XL:     14   Next: 42%
Magic:  15/15      EV:  2    Int: 19    God:    Ru [******]
Gold:   2825       SH:  0    Dex: 25    Spells: 15/15 levels left

rFire   . . .      SeeInvis +   d - +0 long sword
rCold   + . .      Faith    .   y - +3 kite shield of Ewnisiri {rN+ Regen+ Str+2 SInv}
rNeg    + + +      Spirit   .   D - +2 hat
rPois   ∞          Reflect  .   (no amulet)
rElec   .          Harm     .   e - +6 ring of dexterity
rCorr   +          Rampage  .   p - ring of flight
Will    .....                   s - +6 ring of intelligence
Stlth   ++++++++..              z - ring of resist corrosion
HPRegen 1.06/turn               A - ring of wizardry
MPRegen 0.14/turn               B - +6 ring of strength
                                (no ring)
                                (no ring)

@: petrified, flying, studying 3 skills, unable to read
A: almost no armour, amphibious, 8 rings, camouflage 1, gelatinous body 1,
inability to read while threatened 2, hated by all, no ice magic, no necromancy
magic, no transmutations magic, reduced AC 1, weak-willed 1, (nimble swimmer 1),
tentacles, cold resistance 1, mutation resistance 1, poison resistance
a: Renounce Religion, Draw Out Power, Power Leap, Apocalypse


You were on level 5 of the Lair of Beasts.
You worshipped Ru.
Ru was exalted by your worship.
You visited 2 branches of the dungeon, and saw 16 of its levels.
You also visited: Sewer and Bailey.

You collected 2843 gold pieces.
You spent 18 gold pieces at shops.

Inventory:

Hand Weapons
 d - a +0 long sword (weapon)
 o - a +2 dagger of speed
Armour
 y - the +3 kite shield of Ewnisiri (worn) {rN+ Regen+ Str+2 SInv}
   (You acquired it on level 6 of the Dungeon)

   Str:       It affects your strength (+2).
   rN:        It protects you from negative energy.
   SInv:      It lets you see invisible.
   Regen:     It increases your rate of health regeneration.
 D - a +2 hat (worn)
Jewellery
 e - a +6 ring of dexterity (left tentacle)
 p - a ring of flight (right tentacle)
 q - an amulet of guardian spirit
 s - a +6 ring of intelligence (on tentacle)
 z - a ring of resist corrosion (on tentacle)
 A - a ring of wizardry (on tentacle)
 B - a +6 ring of strength (on tentacle)
Wands
 b - a wand of light (10)
 j - a wand of mindburst (9)
 u - a wand of flame (13)
 x - a wand of polymorph (5)
 F - a wand of roots (4)
Scrolls
 a - a scroll of acquirement
 g - 46 scrolls of fog
Potions
 c - 8 potions of curing
 f - a potion of might
 h - 4 potions of attraction
 i - 5 potions of invisibility
 k - 2 potions of resistance
 l - 4 potions of degeneration
 m - 5 potions of heal wounds
 n - 5 potions of flight
 r - 3 potions of ambrosia
 t - 6 potions of brilliance
 v - 5 potions of magic
 w - 2 potions of lignification
 C - 3 potions of haste
 E - a potion of berserk rage
 G - a potion of cancellation


   Skills:
 + Level 11.3 Fighting
 - Level 14.0 Long Blades
 + Level 14.4 Dodging
 + Level 15.3 Stealth
 + Level 13.5 Shields
 - Level 1.0 Spellcasting
 - Level 5.0 Evocations


You had 15 spell levels left.
You didn't know any spells.
Your spell library contained the following spells:

 Spells                   Type           Power      Damage    Failure   Level
 Sandblast                Erth           0%         2d4       14%         1
 Slow                     Hex            0%         N/A       14%         1
 Static Discharge         Conj/Air       0%         3-3/arc   21%         2
 Confusing Touch          Hex            0%         N/A       38%         3
 Stone Arrow              Conj/Erth      0%         3d7       38%         3
 Flame Wave               Conj/Fire      0%         2d4       77%         4
 Passage of Golubria      Tloc           0%         N/A       77%         4
 Iskenderun's Battlesphe  Conj           0%         2d6       98%         5
 Iron Shot                Conj/Erth      0%         9d1       100%        6
 Fire Storm               Conj/Fire      0%         5d1       100%        9
 Beastly Appendage        Tmut           Unusable   N/A       N/A         1
 Passwall                 Tmut/Erth      Unusable   N/A       N/A         2
 Wereblood                Tmut           Unusable   N/A       N/A         2
 Ozocubu's Armour         Ice            Unusable   N/A       N/A         3
 Spider Form              Tmut/Pois      Unusable   N/A       N/A         3
 Tukima's Dance           Hex            Unusable   N/A       N/A         3
 Vampiric Draining        Necr           Unusable   2d6       N/A         3
 Metabolic Englaciation   Hex/Ice        Unusable   N/A       N/A         5
 Yara's Violent Unravell  Hex/Tmut       Unusable   3d3       N/A         5
 Simulacrum               Ice/Necr       Unusable   N/A       N/A         6
 Spellforged Servitor     Conj/Summ      Unusable   N/A       N/A         7

Dungeon Overview and Level Annotations

Branches:
Dungeon (11/15)            Temple (0/1) D:7            Lair (5/5) D:9
 Shoals (0/4) Lair:3        Snake (0/4) Lair:3        Slime (0/5) Lair:4
  Sewer (visited)          Bailey (visited)
    Orc: D:9-12

Altars:
Ashenzari
Cheibriados
Elyvilon
Kikubaaqudgha
Okawaru
Qazlal
Ru
Xom
Zin
The Shining One

Shops:
D:1 [   D:9 (*

Annotations:
D:4 1 runed translucent door


Innate Abilities, Weirdness & Mutations

You cannot wear most types of armour.
You are amphibious.
You can wear up to eight rings at the same time.
Your skin changes colour to match your surroundings (Stealth+).
Your rubbery body absorbs attacks. (AC +1, EV +1)
You sometimes lose the ability to read scrolls when taking damage.
You are hated by all.
You cannot study or cast Ice magic.
You cannot study or cast Necromancy magic.
You cannot study or cast Transmutations magic.
You take slightly more damage. (AC -5)
You are slightly weak-willed. (Will-)
((You are camouflaged when in or above water. (Stealth+)))
You have tentacles for arms and can constrict up to eight enemies at once.
Your flesh is cold resistant. (rC+)
You are somewhat resistant to further mutation.
Your system is resistant to poisons. (rPois)


Message History

The death yak is moving more slowly.
The catoblepas begins to attack, but is stunned by your conviction!
The death yak is engulfed in calcifying dust. x2
The catoblepas breathes a plume of calcifying dust at you.
The blast of calcifying dust hits you!
Your limbs are stiffening.
The death yak is engulfed in calcifying dust.
The death yak stops moving altogether!
The death yak is engulfed in calcifying dust.
You have turned to stone.
The catoblepas gores you!!
You focus your inner power and blind the catoblepas in retribution!
The death yak is engulfed in calcifying dust.
The death yak is no longer petrified.
The catoblepas gores you!
The catoblepas is no longer blind.
The catoblepas is stunned by your conviction and fails to attack.
The catoblepas gores you!!
The catoblepas breathes a plume of calcifying dust at you.
The blast of calcifying dust hits you.
You are engulfed in calcifying dust.
The death yak is no longer petrified. x2
You redirect the catoblepas's attack!
The catoblepas gores itself.
You redirect the death yak's attack!
The death yak gores the catoblepas!!
You are engulfed in calcifying dust.
The death yak gores you! The death yak gores you!!
* * * LOW HITPOINT WARNING * * *
The catoblepas bellows!
You are engulfed in calcifying dust.
The death yak gores you!
* * * LOW HITPOINT WARNING * * *
The death yak is stunned by your conviction and fails to attack.
The death yak gores you.
* * * LOW HITPOINT WARNING * * *
The catoblepas breathes a plume of calcifying dust at you.
The blast of calcifying dust hits you.
* * * LOW HITPOINT WARNING * * *
The death yak gores you.
* * * LOW HITPOINT WARNING * * *
The death yak is stunned by your conviction and fails to attack.
The death yak gores you!!
You die...

##.#.....#......P.
#..##....#......##
#...#...#.......##
#...##.....#....#
##....#......#...#
#....§#.....#...## #..##
##.8.#...§.#....###..###
...##.....#..§..#...####....#
. ....#..8.##Y@..##.P##
#.....# #. #Y......
#.YYY##...# ##....# #.
#Y.....###...##.#.## ###..##
#.#....###.....#...## #.....#
##.....##......###### ###...#
#P.P..##P..P..## ###.#
#.P.........### ###
##..P######## #.##


You could see 3 death yaks and a catoblepas.

Vanquished Creatures
  Snorg (Lair:2)
  2 boulder beetles
  3 hydras
  7 death yaks
  Sonja (Lair:5)
  Amaemon (D:9)
  A fire crab (Lair:5)
  An orc knight (Bailey)
  An ugly thing (D:11)
  A cyclops (D:11)
  19 elephants
  A torpor snail (Lair:1)
  4 black mambas
  8 cane toads
  A gargoyle (D:11)
  An orange demon (D:10)
  A rime drake (Lair:4)
  10 komodo dragons
  The ghost of megamayne420 the Cleaver, an amateur HOAK of Lugonu (D:6)
  3 polar bears
  3 hornets
  A troll (D:7)
  9 blink frogs
  4 dream sheep (Lair:3)
  45 yaks
  Sigmund (D:2)
  5 wyverns
  2 basilisks
  Grum (D:9)
  4 vampire mosquitoes
  Edmund (D:4)
  5 nagas (Lair:3)
  4 water moccasins
  4 orc warriors
  3 sky beasts
  2 black bears
  4 centaurs
  7 wolves
  2 phantoms
  Blork the orc (D:6)
  4 kobold brigands
  17 bullfrogs
  A gnoll sergeant (D:9)
  3 necrophages
  2 scorpions
  3 wights (D:9)
  7 killer bees
  7 howler monkeys
  2 hounds (D:7)
  2 jellies
  2 orc priests
  A gnoll bouda (D:7)
  6 iguanas
  5 hell rats (Lair:3)
  9 orc wizards
  12 gnolls
  12 adders
  7 river rats
  5 white imps
  An ufetubus (D:6)
  4 worms
  The ghost of fly the Sneak, a weakling DgDe (D:4)
  2 dart slugs
  35 orcs
  4 bats
  6 endoplasms
  6 giant cockroaches
  6 hobgoblins
  3 jackals (D:5)
  4 quokkas
  9 ball pythons
  6 frilled lizards
  9 goblins
  45 kobolds
  24 rats
448 creatures vanquished.

Vanquished Creatures (others)
  A vampire mosquito (D:10)
  A basilisk (Lair:2)
  3 water moccasins
  An orc wizard (D:5)
  A goblin (D:7)
  16 fungi
  34 plants
57 creatures vanquished.

Grand Total: 505 creatures vanquished

Notes
Turn   | Place    | Note
-------+----------+-------------------------------------------
     0 | D:1      | 27heaven the Octopode Monk began the quest for the Orb.
     0 | D:1      | Reached XP level 1. HP: 16/16 MP: 1/1
   121 | D:1      | You fall into a shaft and drop 1 floor!
   129 | D:2      | Reached XP level 2. HP: 21/21 MP: 2/2
   352 | D:1      | Found Iguddaju's Antique Armour Boutique.
   632 | D:2      | Reached XP level 3. HP: 20/26 MP: 3/3
   795 | D:2      | Found a faded altar of an unknown god.
   798 | D:2      | Prayed at the altar of an unknown god.
   798 | D:2      | Became a worshipper of Ru the Awakened
   799 | D:2      | Gained mutation: You are hated by all. [Ru sacrifice]
   799 | D:2      | Reached * piety under Ru
   799 | D:2      | Reached ** piety under Ru
  1351 | D:2      | Noticed Sigmund
  1355 | D:2      | Identified 2 scrolls of acquirement
  1524 | D:2      | Killed Sigmund
  1525 | D:2      | Reached XP level 4. HP: 31/31 MP: 4/4
  1525 | D:2      | Reached XP level 5. HP: 36/36 MP: 5/5
  1662 | D:3      | Acquired 1054 gold pieces
  1975 | D:3      | Found a glowing drain.
  1985 | D:3      | Reached XP level 6. HP: 36/42 MP: 6/6
  1996 | Sewer    | Entered a sewer
  2696 | Sewer    | Acquired a manual of Dodging
  2699 | Sewer    | Acquired a +6 ring of dexterity
  3334 | D:3      | Reached XP level 7. HP: 41/46 MP: 7/7
  3408 | D:4      | Got the Compendium of Kinetic Feathers
  3807 | D:4      | Found a runed translucent door.
  3809 | D:4      | Noticed fly's ghost (weakling DgDe)
  3836 | D:4      | Noticed Edmund
  3852 | D:4      | HP: 2/46 [Edmund/+4 flail of protection (7)]
  3853 | D:4      | Killed Edmund
  4208 | D:4      | Found a runed translucent door.
  4252 | D:4      | Found an ancient bone altar of Kikubaaqudgha.
  4557 | D:4      | Killed fly's ghost
  4661 | D:5      | Entered Level 5 of the Dungeon
  5031 | D:5      | Reached XP level 8. HP: 41/52 MP: 6/8
  5301 | D:5      | Acquired a manual of Long Blades
  5374 | D:5      | Reached skill level 10 in Long Blades
  6312 | D:6      | Found a runed translucent door.
  6325 | D:6      | Noticed Blork the orc
  6332 | D:6      | Killed Blork the orc
  6387 | D:6      | Acquired the +3 kite shield of Ewnisiri {rN+ Regen+ Str+2
                  | SInv}
  6396 | D:6      | Found an iron altar of Okawaru.
  6474 | D:6      | Found a glowing silver altar of Zin.
  6555 | D:6      | Found a stormy altar of Qazlal.
  6557 | D:6      | Found a broken altar of Ashenzari.
  6559 | D:6      | Found a snail-covered altar of Cheibriados.
  6744 | D:6      | Reached skill level 1 in Spellcasting
  7072 | D:6      | Noticed megamayne420's ghost (amateur HOAK)
  7077 | D:6      | Reached XP level 9. HP: 56/56 MP: 10/10
  7093 | D:6      | Killed megamayne420's ghost
  7153 | D:7      | Acquired a manual of Conjurations
  7173 | D:7      | Found a staircase to the Ecumenical Temple.
  7179 | D:7      | Noticed a troll
  7215 | D:7      | Killed a troll
  7216 | D:7      | Reached skill level 1 in Shields
  7266 | D:7      | Reached skill level 3 in Stealth
  7313 | D:7      | Found a flagged portal.
  7321 | Bailey   | Entered a bailey
  7358 | Bailey   | Noticed an orc knight
  7567 | Bailey   | Killed an orc knight
  7568 | Bailey   | Reached skill level 5 in Dodging
  7568 | Bailey   | Reached skill level 4 in Stealth
  7575 | Bailey   | Reached skill level 5 in Stealth
  8052 | D:7      | Noticed a hornet
  8066 | D:7      | Killed a hornet
  8067 | D:7      | Reached XP level 10. HP: 52/65 MP: 7/11
  8132 | D:7      | Reached skill level 6 in Stealth
  8206 | D:7      | Found a shimmering altar of Xom.
  8207 | D:7      | Found a shimmering altar of Xom.
  8207 | D:7      | Found a shimmering altar of Xom.
  8207 | D:7      | Found a shimmering altar of Xom.
  8207 | D:7      | Found a shimmering altar of Xom.
  8208 | D:7      | Found a shimmering altar of Xom.
  8380 | D:7      | Reached skill level 5 in Fighting
  8540 | D:8      | Gained mutation: You are slightly weak-willed. (Will-) [Ru
                  | sacrifice]
  8540 | D:8      | Reached *** piety under Ru
  8712 | D:8      | Reached skill level 1 in Evocations
  9006 | D:8      | Found a sacrificial altar of Ru.
  9333 | D:9      | Noticed Grum
  9356 | D:9      | Killed Grum
  9357 | D:9      | Reached skill level 7 in Stealth
  9397 | D:9      | Found Veibedai's Assorted Antiques.
  9435 | D:9      | Bought a clear potion for 18 gold pieces
  9838 | D:9      | Reached skill level 5 in Shields
  9847 | D:9      | Reached skill level 10 in Dodging
  9847 | D:9      | Reached skill level 10 in Stealth
  9847 | D:9      | Reached XP level 11. HP: 75/75 MP: 12/12
  9922 | D:9      | Found Lattunn's Antique Weapon Emporium.
  9993 | D:9      | Found a staircase to the Lair.
 10192 | D:10     | Entered Level 10 of the Dungeon
 10192 | D:10     | Noticed Amaemon
 10210 | D:9      | Killed Amaemon
 10218 | D:9      | Gained mutation: You take slightly more damage. (AC -5) [Ru
                  | sacrifice]
 10218 | D:9      | Reached **** piety under Ru
 10407 | D:10     | Noticed a boulder beetle
 10463 | D:10     | Killed a boulder beetle
 10464 | D:10     | Reached XP level 12. HP: 55/82 MP: 7/13
 10553 | D:10     | Acquired a manual of Shields
 11019 | D:10     | Found a white marble altar of Elyvilon.
 11021 | D:10     | Found a glowing golden altar of the Shining One.
 11375 | D:11     | Noticed a boulder beetle
 11396 | D:11     | Reached skill level 11 in Stealth
 11587 | D:11     | Killed a boulder beetle
 11732 | D:11     | Found the +2 cloak of the Thief {*Fog Slay-2 SInv Stlth+}
 12210 | Lair:1   | Entered Level 1 of the Lair of Beasts
 12218 | Lair:1   | Gained mutation: Your spells are a little harder to cast,
                  | but a little more powerful. [potion of mutation]
 12218 | Lair:1   | Gained mutation: You possess an exceptional clarity of
                  | mind. [potion of mutation]
 12218 | Lair:1   | Gained mutation: You are frail. (-10% HP) [potion of
                  | mutation]
 12219 | Lair:1   | Lost mutation: Your spells are a little harder to cast, but
                  | a little more powerful. [potion of mutation]
 12219 | Lair:1   | Lost mutation: You possess an exceptional clarity of mind.
                  | [potion of mutation]
 12219 | Lair:1   | Lost mutation: You are frail. (-10% HP) [potion of
                  | mutation]
 12219 | Lair:1   | Gained mutation: You occasionally lose the ability to drink
                  | potions when taking damage. [potion of mutation]
 12219 | Lair:1   | Gained mutation: Your spells are a little harder to cast,
                  | but a little more powerful. [potion of mutation]
 12219 | Lair:1   | Gained mutation: Your spells are harder to cast, but more
                  | powerful. [potion of mutation]
 12283 | Lair:1   | Reached skill level 5 in Evocations
 12294 | Lair:1   | Lost mutation: You occasionally lose the ability to drink
                  | potions when taking damage. [potion of mutation]
 12294 | Lair:1   | Lost mutation: Your spells are harder to cast, but more
                  | powerful. [potion of mutation]
 12294 | Lair:1   | Lost mutation: Your spells are a little harder to cast, but
                  | a little more powerful. [potion of mutation]
 12294 | Lair:1   | Gained mutation: Your flesh is cold resistant. (rC+)
                  | [potion of mutation]
 12294 | Lair:1   | Gained mutation: Your system is resistant to poisons.
                  | (rPois) [potion of mutation]
 12294 | Lair:1   | Gained mutation: You are somewhat resistant to further
                  | mutation. [potion of mutation]
 12379 | Lair:1   | Gained mutation: You occasionally lose the ability to read
                  | scrolls when taking damage. [Ru sacrifice]
 12379 | Lair:1   | Gained mutation: You sometimes lose the ability to read
                  | scrolls when taking damage. [Ru sacrifice]
 12379 | Lair:1   | Reached ***** piety under Ru
 12838 | Lair:1   | Reached skill level 12 in Stealth
 13800 | Lair:2   | Reached skill level 10 in Shields
 13802 | Lair:2   | Reached XP level 13. HP: 60/90 MP: 0/14
 14739 | Lair:3   | Found a staircase to the Shoals.
 14744 | Lair:3   | Reached skill level 13 in Stealth
 14746 | Lair:3   | Noticed Snorg
 14794 | Lair:2   | Gained mutation: You cannot study or cast Ice magic. [Ru
                  | sacrifice]
 14794 | Lair:2   | Gained mutation: You cannot study or cast Transmutations
                  | magic. [Ru sacrifice]
 14794 | Lair:2   | Gained mutation: You cannot study or cast Necromancy magic.
                  | [Ru sacrifice]
 14794 | Lair:2   | Reached ****** piety under Ru
 14855 | Lair:2   | Killed Snorg
 14997 | Lair:3   | Found a staircase to the Snake Pit.
 15305 | Lair:3   | Reached skill level 10 in Fighting
 16257 | Lair:3   | Reached skill level 14 in Stealth
 16569 | Lair:4   | Found a staircase to the Slime Pits.
 16694 | Lair:4   | Acquired 612 gold pieces
 17298 | Lair:5   | Entered Level 5 of the Lair of Beasts
 17475 | Lair:5   | Reached XP level 14. HP: 97/99 MP: 15/15
 17747 | Lair:5   | Noticed Sonja
 17775 | Lair:5   | Killed Sonja
 17961 | Lair:4   | Reached skill level 15 in Stealth
 18569 | Lair:5   | Mangled by a death yak

Illustrated notes

Levels and vault maps discovered:
D:1:      lightli_arrival_statue_moat, layout_rooms, serial_shops,
          nicolae_square_shop, minmay_tetromino_s4
D:2:      layout_loops_corners, hellmonk_ecumenical_altar_inner_sanctum,
          uniq_sigmund
D:3:      layout_basic, portal_sewer_entry_c
D:4:      layout_loops_ring, mainiacjoe_overflow_small_starburst,
          ebering_ghost_sewer_f, uniq_edmund
D:5:      layout_loops_corners
D:6:      layout_basic, zin_statuary, mainiacjoe_overflow_boulevard, minitemple,
          ebering_ghost_sewer_d, minmay_fountain_box, minmay_misc_feat_iff,
          kennysheep_another_room, chequers_arboretum, minmay_stone_trees_small,
          uniq_blork_the_orc
D:7:      minmay_octagon_keep, layout_basic, xom_shifter_show, temple_doors_e,
          enter_bailey_3
D:8:      layout_cave_pods, nicolae_overflow_hidden_temple, nrook_mini_backslash
D:9:      layout_loops_corners, david_lair_shrubbed, serial_shops,
          nicolae_shop_waterfront, nicolae_shop_stone, uniq_grum
D:10:     nicolae_BIG_FREAKIN_CUBE, layout_loops_ring,
          worldfamousw_hep_ancestral_shrine, gammafunk_temple_overflow_pools,
          uniq_amaemon
D:11:     layout_irregular_city
Lair:1:   layout_cave_pods, serial_bayou_pond_c
Lair:2:   layout_chaotic_city
Lair:3:   layout_concentric_octagons, shoals_dummy_entry,
          minmay_snake_entry_guardpost_medium, uniq_snorg
Lair:4:   layout_hall_layers, slime_entry_1
Lair:5:   grunt_lair_end_beastmaster, layout_cave_pods, minivault_25,
          grunt_forest_large_clearing_hut, serial_bayou_shore_b, uniq_sonja

Skill      XL: |  1  2  3  4  5  6  7  8  9 10 11 12 13 14 |
---------------+-------------------------------------------+-----
Long Blades    | 4 6 7 9 13 14 | 14.0
Spellcasting   | 1 |  1.0
Shields        | 3 6 7 10 12 13 | 13.5
Stealth        | 5 10 12 14 15 | 15.3
Dodging        | 5 10 12 13 14 | 14.4
Fighting       | 4 7 9 10 11 | 11.3
Evocations     | 2 3 5 |  5.0

Action                   |  1- 3 |  4- 6 |  7- 9 | 10-12 | 13-15 || total
-------------------------+-------+-------+-------+-------+-------++-------
Melee: Falchion          |    54 |   132 |   290 |       |       ||   476
       Constrict         |    11 |    40 |    60 |    69 |    32 ||   212
       Tentacles         |     7 |    29 |    85 |   196 |   201 ||   518
       Punch             |     1 |     2 |    10 |    10 |     8 ||    31
       Long sword        |       |       |    20 |   589 |   582 ||  1191
Invok: Sacrifice Love    |     1 |       |       |       |       ||     1
       Reject Sacrifices |       |       |     1 |       |       ||     1
       Sacrifice Essence |       |       |       |     1 |       ||     1
       Sacrifice Health  |       |       |       |     1 |       ||     1
       Power Leap        |       |       |       |     5 |    12 ||    17
       Sacrifice Words   |       |       |       |     1 |       ||     1
       Apocalypse        |       |       |       |       |     5 ||     5
       Sacrifice Arcana  |       |       |       |       |     1 ||     1
  Use: Scroll            |     1 |     3 |     3 |     1 |     5 ||    13
       Potion            |       |       |     7 |     6 |       ||    13
 Stab: Sleeping          |    13 |     8 |    17 |    21 |    11 ||    70
       Distracted        |     1 |       |     3 |    16 |     8 ||    28
       Invisible         |       |       |       |     3 |     3 ||     6
       Paralysed         |       |       |       |       |     3 ||     3
       Petrified         |       |       |       |       |    11 ||    11
       Petrifying        |       |       |       |       |     3 ||     3
Armor: Skin              |       |     3 |     6 |     3 |       ||    12
Dodge: Dodged            |    29 |    67 |   128 |   217 |   312 ||   753
Block: Kite shield       |       |       |    85 |   351 |   422 ||   858

Table legend: (Time is in decaauts)
 A = Elapsed time spent in this place.
 B = Non-inter-level travel time spent in this place.
 C = Inter-level travel time spent in this place.
 D = Time resting spent in this place.
 E = Time spent auto-exploring this place.
 F = Levels seen in this place.
 G = Mean time per level.
                   A        B        C        D        E       F      G
               +--------+--------+--------+--------+--------+-----+--------+
         Total |  18354 |  17724 |    630 |   1698 |  11376 |  18 | 1019.7 |
       Dungeon |  10818 |  10301 |    517 |    668 |   7378 |  11 |  983.5 |
          Lair |   6242 |   6130 |    112 |    760 |   3501 |   5 | 1248.4 |
         Sewer |    921 |    921 |      0 |    203 |    427 |   1 |  921.0 |
        Bailey |    372 |    372 |      0 |     67 |     70 |   1 |  372.0 |
               +--------+--------+--------+--------+--------+-----+--------+

Top non-repeatable levels by time:
  Lair:3: 1644 daAuts
     D:5: 1555 daAuts
  Lair:2: 1406 daAuts
     D:4: 1326 daAuts
     D:2: 1194 daAuts
  Lair:1: 1148 daAuts
  Lair:4: 1145 daAuts
     D:9: 1063 daAuts
    D:10: 953 daAuts
     D:6: 929 daAuts
   Sewer: 921 daAuts
  Lair:5: 896 daAuts
     D:7: 863 daAuts
    D:11: 856 daAuts
     D:8: 833 daAuts
